 Dungeon Crawl Stone Soup version 0.25-a0-547-g27a0b5d1ef (webtiles) character file.

Game seed: 13212026703176695024, levelgen mode: deterministic

29741 Katabasis the Fighter (level 13, -2/148 HPs)
             Began as an Ogre Berserker on Feb 22, 2020.
             Was a High Priest of Trog.
             Slain by a starspawn tentacle (3 damage)
             ... attached to a tentacled starspawn
             ... on level 2 of the Abyss.
             The game lasted 01:18:15 (17300 turns).

Katabasis the Fighter (Ogre Berserker)             Turns: 17300, Time: 01:18:17

Health: -2/148     AC:  1    Str: 28    XL:     13   Next: 47%
Magic:  13/13      EV: 10    Int:  8    God:    Trog [*****.]
Gold:   1379       SH:  0    Dex:  8    Spells: 12/12 levels left

rFire    . . .     SeeInvis +   A - +6 giant spiked club (vorpal)
rCold    . . .     Gourm    .   (shield currently unavailable)
rNeg     . . .     Faith    .   l - +0 troll leather armour
rPois    .         Spirit   .   a - +2 hat
rElec    .         Reflect  .   B - +1 cloak (curse)
rCorr    .         Harm     .   (gloves unavailable)
MR       +....                  (boots unavailable)
Stlth    +.........             y - amulet of regeneration
HPRegen  1.14/turn              G - ring of see invisible
MPRegen  0.13/turn              (no ring)

@: corroded, constricted
A: large, unfitting armour, tough skin 1
a: Berserk, Trog's Hand, Brothers in Arms, Renounce Religion


You were on level 2 of the Abyss.
You worshipped Trog.
Trog was extremely pleased with you.
You were not hungry.

You visited 2 branches of the dungeon, and saw 16 of its levels.
You visited the Abyss 1 time.

You collected 1379 gold pieces.

Inventory:

Hand Weapons
 g - the +10 glaive of the Lair of Beasts {flame, +Rage Str-2 Int+2}
   (Trog gifted it to you on level 11 of the Dungeon)

   It has been specially enchanted to burn those struck by it, causing extra
   injury to most foes and up to half again as much damage against particularly
   susceptible opponents.
   Big, fiery blades are also staple armaments of hydra-hunters.
   It affects your strength (-2).
   It affects your intelligence (+2).
   It lets you go berserk.
 A - a +6 vorpal giant spiked club (weapon)
 M - a +6 antimagic giant spiked club
Missiles
 m - 3 large rocks (quivered)
Armour
 a - a +2 hat (worn)
 l - a +0 troll leather armour (worn)
 B - a cursed +1 cloak (worn)
 O - a +0 hat of magic resistance
Jewellery
 y - an amulet of regeneration (around neck)
 z - an uncursed ring of flight {unknown}
 G - a ring of see invisible (left hand)
 L - the macabre finger necklace {rN+}
   (You took it off an orc on level 9 of the Dungeon)

   [amulet of nothing]

   It protects you from negative energy.
Wands
 F - a wand of digging (15)
 J - a wand of clouds (4)
 K - a wand of acid (7)
Scrolls
 j - 7 scrolls of teleportation
 k - 3 scrolls of blinking
 p - 11 scrolls of identify
 q - 3 scrolls of magic mapping
 r - 2 scrolls of fog
 u - 16 scrolls of remove curse
 w - 2 scrolls of immolation
 D - a scroll of vulnerability {unknown}
 I - 2 scrolls of enchant weapon
 T - a scroll of fear
Potions
 c - a potion of heal wounds
 d - 2 potions of resistance
 e - 4 potions of haste
 f - 6 potions of curing
 h - 3 potions of might
 i - a potion of invisibility
 n - a potion of cancellation {unknown}
 o - a potion of mutation {unknown}
 s - a potion of stabbing
 x - a potion of magic {unknown}
 C - 2 potions of lignification
 E - a potion of ambrosia {unknown}
 H - a potion of brilliance {unknown}
 N - a potion of flight
Comestibles
 v - 29 rations


   Skills:
 + Level 14.8 Fighting
 * Level 14.6 Maces & Flails
 + Level 2.0 Throwing
 - Level 10.0 Dodging


You had 12 spell levels left.
You didn't know any spells.
Your spell library was empty.

Dungeon Overview and Level Annotations

Branches:
Dungeon (12/15)            Temple (0/1) D:6            Lair (4/6) D:8
 Shoals (0/4) Lair:2       Spider (0/4) Lair:4          Orc (0/2) D:9

Altars:
Dithmenos
Elyvilon
Nemelex Xobeh
Sif Muna
Trog

Shops:
D:8 *   D:12 (

Annotations:
D:6 1 runed translucent door, Tenz's ghost, novice SpWr
Lair:4 Sonja


Innate Abilities, Weirdness & Mutations

You are too large for most types of armour.
You have tough skin. (AC +1)


Message History

A starspawn tentacle comes into view.
You sock the tentacled starspawn!
The starspawn tentacle loses its grip on you.
The tentacled starspawn is heavily damaged.
The tentacled starspawn bites you. The tentacled starspawn misses you.
The balrug gestures at you. Something smites you!
* * * LOW HITPOINT WARNING * * *
The starspawn tentacle grabs you.
* * * LOW HITPOINT WARNING * * *
The starspawn tentacle constricts you.
You hit the tentacled starspawn but do no damage.
The starspawn tentacle loses its grip on you.
The tentacled starspawn is heavily damaged.
The tentacled starspawn bites you!!
* * * LOW HITPOINT WARNING * * *
The tentacled starspawn engulfs you!
* * * LOW HITPOINT WARNING * * *
The starspawn tentacle grabs you.
You die...

..## #. ... # #.# .
.##....#####.. .##.
..#.2.....#.# #....
.....#.#... #...
......Λ#.# ###..
..###w.X.# .##......
.#@#│# .#...#.#
.#w3│##
#.#..(..#.##V#.## ..
. ##. ##. . .#.#.
... .# . .. #.# .
##...#...## . .#
###.....##.#.#..#...
#. . ### # #...#.##
#. ... #.# .
#.#.###.# .#
##.###... ... .


You could see a tentacled starspawn, a balrug, a sixfirhy and 2 starspawn
tentacles.

Vanquished Creatures
  Frances (D:12)
  Gastronok (D:8)
  Erolcha (D:9)
  A fire dragon (Lair:3)
  Harold (D:11)
  A catoblepas (Lair:3)
  2 hydras
  Erica (D:11)
  A death yak (D:8)
  An unseen horror (D:12)
  An ugly thing (D:11)
  A cyclops (D:11)
  3 black mambas
  An elephant (D:8)
  Maurice (D:8)
  Joseph (D:7)
  A rust devil (Abyss:2)
  2 spiny frogs
  3 kobold demonologists (D:11)
  2 komodo dragons
  3 rime drakes
  2 trolls (D:10)
  11 blink frogs
  2 hornets
  4 hippogriffs
  A flying skull (Abyss:2)
  18 yaks
  A human (D:7)
  2 wyverns
  7 hogs
  A fire elemental (Lair:3)
  Edmund (D:5)
  An acid dragon (D:8)
  5 water moccasins
  5 porcupines
  3 sky beasts
  A black bear (D:9)
  2 ice beasts
  4 orc warriors
  A phantom (D:10)
  2 necrophages
  3 ogres
  3 centaurs
  8 crocodiles
  4 big kobolds
  Blork the orc (D:5)
  11 bullfrogs
  3 scorpions
  A small abomination (Abyss:2)
  An electric eel (Lair:3)
  3 howler monkeys (D:7)
  5 crimson imps
  2 bullfrog zombies (D:5)
  4 hounds
  Crazy Yiuf (D:4)
  7 orc priests
  A gnoll shaman (D:7)
  A jelly (Abyss:2)
  12 orc wizards
  3 bullfrog skeletons
  Natasha (thrice) (D:4)
  3 centaur skeletons
  3 iguanas
  8 worker ants
  Robin (D:3)
  11 gnolls
  16 adders
  3 shadow imps
  An ooze (D:2)
  An adder skeleton (D:5)
  3 worms
  3 dart slugs (D:1)
  8 leopard geckos
  60 orcs
  9 ball pythons
  12 bats
  6 giant cockroaches
  19 goblins
  11 hobgoblins
  4 jackals (D:6)
  15 kobolds
  4 quokkas
  3 frilled lizards
  A quokka skeleton (D:4)
  9 rats
  2 plants (Lair:3)
397 creatures vanquished.

Vanquished Creatures (others)
  A fungus (Lair:2)
  A lurking horror (Abyss:2)
  A plant (Lair:3)
3 creatures vanquished.

Grand Total: 400 creatures vanquished

Notes
Turn   | Place    | Note
-------+----------+-------------------------------------------
     0 | D:1      | Katabasis the Ogre Berserker began the quest for the Orb.
     0 | D:1      | Reached XP level 1. HP: 24/24 MP: 1/1
    72 | D:1      | Reached XP level 2. HP: 24/32 MP: 2/2
   601 | D:1      | Reached XP level 3. HP: 34/40 MP: 3/3
   735 | D:1      | Reached ** piety under Trog
  1745 | D:2      | Reached XP level 4. HP: 41/49 MP: 4/4
  2251 | D:2      | Reached skill level 5 in Fighting
  2251 | D:2      | Reached XP level 5. HP: 45/57 MP: 5/5
  3385 | D:3      | Reached *** piety under Trog
  3462 | D:3      | Found a white marble altar of Elyvilon.
  3517 | D:3      | Reached XP level 6. HP: 49/66 MP: 6/6
  4344 | D:3      | Noticed Robin
  4364 | D:3      | Killed Robin
  4460 | D:3      | You fall into a shaft and drop 3 floors!
  4522 | D:6      | Reached skill level 5 in Maces & Flails
  4586 | D:6      | Noticed a sky beast
  4605 | D:5      | Entered Level 5 of the Dungeon
  4672 | D:5      | Noticed Blork the orc
  4691 | D:5      | Reached **** piety under Trog
  4704 | D:5      | Reached XP level 7. HP: 74/75 MP: 7/7
  4724 | D:5      | Noticed Edmund
  4730 | D:5      | Killed Edmund
  4820 | D:4      | Noticed Natasha
  5281 | D:4      | Killed Natasha
  5327 | D:4      | Noticed Natasha
  5333 | D:4      | Killed Natasha
  5476 | D:4      | Reached XP level 8. HP: 64/87 MP: 8/8
  5673 | D:4      | Noticed Natasha
  5683 | D:4      | Killed Natasha
  5739 | D:4      | Found a runed translucent door.
  5740 | D:4      | Noticed Crazy Yiuf
  5811 | D:4      | Reached skill level 5 in Dodging
  6019 | D:4      | Killed Crazy Yiuf
  6224 | D:5      | Killed Blork the orc
  6518 | D:5      | Found a shimmering blue altar of Sif Muna.
  6665 | D:6      | Reached XP level 9. HP: 97/97 MP: 9/9
  6700 | D:6      | Found a staircase to the Ecumenical Temple.
  6720 | D:6      | Reached ***** piety under Trog
  6720 | D:6      | Received a gift from Trog
  6799 | D:6      | Found a runed translucent door.
  6817 | D:6      | Noticed Tenz's ghost (novice SpWr)
  8249 | D:7      | Reached skill level 10 in Fighting
  8417 | D:7      | Reached XP level 10. HP: 54/110 MP: 10/10
  8657 | D:7      | Found a shadowy altar of Dithmenos.
  9019 | D:7      | Noticed Joseph
  9044 | D:7      | Killed Joseph
  9044 | D:7      | Reached skill level 10 in Maces & Flails
  9233 | D:8      | Noticed a six-headed hydra
  9432 | D:8      | Noticed Maurice
  9441 | D:8      | Killed Maurice
  9488 | D:8      | Noticed an elephant
  9488 | D:8      | Noticed a death yak
  9951 | D:8      | Noticed Gastronok
  9965 | D:8      | Killed Gastronok
 10221 | D:8      | Killed an elephant
 10221 | D:8      | Reached XP level 11. HP: 123/123 MP: 11/11
 10272 | D:8      | Found a staircase to the Lair.
 10279 | D:8      | Killed a six-headed hydra
 10485 | D:8      | Killed a death yak
 10549 | D:8      | Found Surdiw's Superlative Supplies.
 10765 | D:9      | Found a sparkling altar of Nemelex Xobeh.
 10818 | D:9      | Noticed Erolcha
 11016 | D:9      | Killed Erolcha
 11143 | D:9      | Found a staircase to the Orcish Mines.
 11384 | D:9      | Received a gift from Trog
 11783 | D:10     | Entered Level 10 of the Dungeon
 12034 | D:10     | Found a bloodstained altar of Trog.
 12413 | D:11     | Noticed a cyclops
 12426 | D:11     | Killed a cyclops
 12426 | D:11     | Reached XP level 12. HP: 76/136 MP: 4/12
 12653 | D:11     | Noticed Erica
 12668 | D:11     | Killed Erica
 12668 | D:11     | Received a gift from Trog
 12671 | D:11     | Got a crude glaive {god gift}
 12672 | D:11     | Identified the +10 glaive of the Lair of Beasts {flame,
                  | +Rage Str-2 Int+2} (Trog gifted it to you on level 11 of
                  | the Dungeon)
 12791 | D:11     | Noticed a sun demon
 13181 | D:11     | Noticed Harold
 13190 | D:11     | Killed Harold
 13544 | D:12     | Found Asocuohops's Weapon Shoppe.
 13546 | D:12     | Noticed Frances
 13585 | D:12     | Killed Frances
 13748 | Lair:1   | Entered Level 1 of the Lair of Beasts
 14788 | Lair:2   | Reached XP level 13. HP: 132/146 MP: 4/13
 15085 | Lair:2   | Found a staircase to the Shoals.
 15581 | Lair:2   | Received a gift from Trog
 16000 | Lair:3   | Noticed a fire dragon
 16009 | Lair:3   | Killed a fire dragon
 16009 | Lair:3   | Reached skill level 10 in Dodging
 16247 | Lair:3   | Reached skill level 1 in Throwing
 16960 | Lair:4   | Found a hole to the Spider Nest.
 16979 | Lair:4   | Noticed Sonja
 16980 | Lair:4   | Cast into level 2 of the Abyss (Sonja)
 17291 | Abyss:2  | Noticed a tentacled starspawn
 17297 | Abyss:2  | Noticed a balrug
 17300 | Abyss:2  | HP: 1/148 [tentacled starspawn (16)]
 17300 | Abyss:2  | Slain by a starspawn tentacle

Levels and vault maps discovered:
D:1:      minmay_arrival_open_corners, layout_basic, minmay_split_cup_small
D:2:      layout_basic, chequers_serial_rivers_small_b, minmay_snake_closets
D:3:      layout_loops_cross, elyvilon_altar_3, uniq_robin
D:4:      layout_rooms, first_ration, minivault_26, minmay_misc_feat_rows,
          uniq_natasha, uniq_crazy_yiuf_cottage
D:5:      layout_basic, lemuel_blue_sif_altar, uniq_edmund, uniq_blork_the_orc
D:6:      layout_basic, minmay_temple_entry_tees, ebering_ghost_reflecting_pool,
          chequers_serial_rivers_room_b
D:7:      layout_cave_pods, grunt_dithmenos_smoke, grunt_livestock,
          small_statue_intersection, hangedman_decor_diamond_cutter, uniq_joseph
D:8:      layout_loops_ring, david_lair_generic, nicolae_alphabet_shops,
          uniq_maurice, uniq_gastronok
D:9:      layout_roguey, hiddenorc1_lemuel, nemelex_spade_bored_becter,
          uniq_erolcha
D:10:     layout_roguey, basic_altar, hangedman_decor_points
D:11:     layout_small_grid, uniq_harold, uniq_erica
D:12:     layout_irregular_city, serial_column_ruins, column_ruins_open_small,
          column_ruins_open_medium, column_ruins_open_tiny_water,
          column_ruins_open_tiny, column_ruins_columns_corner, serial_shops,
          shop, gammafunk_ghost_hive, uniq_psyche, uniq_frances, uniq_josephine,
          uniq_kirke
Lair:1:   layout_misc_corridors, serial_bayou_shore_b,
          infiniplex_staircase_pool, grunt_megastairs_2
Lair:2:   layout_loops_ring, shoals_dummy_entry, nzn_random_ring
Lair:3:   dragon1_lemuel, layout_regular_city, grunt_megastairs_3,
          infiniplex_staircase_pool_2, serial_bayou_shore_a
Lair:4:   layout_concentric_octagons, spider_nest_entry_web_field, uniq_sonja
Abyss:2:  base:
D:13

Skill      XL: |  1  2  3  4  5  6  7  8  9 10 11 12 13 |
---------------+----------------------------------------+-----
Maces & Flails | 3 4 5 6 8 9 11 12 14 | 14.6
Dodging        | 3 4 5 7 8 9 10 | 10.0
Fighting       | 5 6 7 8 10 11 13 14 | 14.8
Throwing       | 2 |  2.0

Action                   |  1- 3 |  4- 6 |  7- 9 | 10-12 | 13-15 || total
-------------------------+-------+-------+-------+-------+-------++-------
Melee: Mace              |   111 |   224 |       |       |       ||   335
       Whip              |       |    71 |   221 |       |       ||   292
       Giant club        |       |       |   110 |   228 |       ||   338
       Giant spiked club |       |       |       |   234 |   108 ||   342
       Glaive            |       |       |       |       |     4 ||     4
Throw: Dart              |       |       |     1 |       |       ||     1
       Throwing net      |       |       |     1 |       |       ||     1
       Large rock        |       |       |       |     2 |     3 ||     5
Invok: Berserk           |     1 |     4 |     5 |    14 |     1 ||    25
       Brothers in Arms  |       |       |       |     1 |       ||     1
  Use: Scroll            |     1 |     4 |     2 |     6 |     5 ||    18
       Potion            |       |     2 |     3 |     3 |     9 ||    17
 Stab: Sleeping          |       |     2 |       |       |       ||     2
  Eat: Ration            |     1 |       |       |     5 |     1 ||     7
       Chunk             |       |    14 |    16 |    18 |     6 ||    54
Armor: Animal skin       |    42 |    59 |    23 |       |       ||   124
       Robe              |       |       |    42 |    78 |       ||   120
       Troll leather arm |       |       |       |    72 |    55 ||   127
Dodge: Dodged            |    84 |   144 |   140 |   306 |    88 ||   762

Table legend:
 A = Non-vault XP
 B = Vault XP
 C = Vault XP percentage of total XP
 D = Non-vault monster count
 E = Vault monster count
 F = Vault count percentage of total count
                 A         B        C        D         E       F
            +---------+---------+-------+---------+---------+-------
      Total |   25703 |   16785 |  39.5 |     317 |      78 |  19.7
            +---------+---------+-------+---------+---------+-------
        D:1 |      45 |       8 |  15.1 |      26 |       3 |  10.3
        D:2 |     177 |      64 |  26.6 |      29 |      10 |  25.6
        D:3 |     103 |      37 |  26.4 |      34 |      12 |  26.1
        D:4 |     658 |      81 |  11.0 |      20 |       2 |   9.1
        D:5 |     487 |     256 |  34.5 |      19 |       2 |   9.5
        D:6 |     840 |       0 |   0.0 |      18 |       0 |   0.0
        D:7 |     951 |    1431 |  60.1 |      26 |       6 |  18.8
        D:8 |    3135 |    4227 |  57.4 |      18 |       6 |  25.0
        D:9 |    2325 |    1268 |  35.3 |      31 |      18 |  36.7
       D:10 |    3322 |       0 |   0.0 |      36 |       0 |   0.0
       D:11 |    3020 |    1946 |  39.2 |      18 |       2 |  10.0
       D:12 |     710 |    2869 |  80.2 |       1 |       4 |  80.0
     Lair:1 |    1497 |     145 |   8.8 |       5 |       1 |  16.7
     Lair:2 |    3467 |    3036 |  46.7 |      18 |      10 |  35.7
     Lair:3 |    3209 |    1417 |  30.6 |       9 |       2 |  18.2
     Lair:4 |    1001 |       0 |   0.0 |       5 |       0 |   0.0
    Abyss:2 |     756 |       0 |   0.0 |       4 |       0 |   0.0
            +---------+---------+-------+---------+---------+-------
